 Dungeon Crawl Stone Soup version 0.17-a0-129-g9432df0 (webtiles) character file.

1 Pikaro the Chiller (level 1, 0/13 HPs)
             Began as a Merfolk Ice Elementalist on Mar 24, 2015.
             Slain by a goblin
             ... wielding a +0 dagger
              (2 damage)
             ... on level 1 of the Dungeon.
             The game lasted 00:00:32 (288 turns).

Pikaro the Chiller (Merfolk Ice Elementalist)        Turns: 288, Time: 00:00:32

Health: 0/13       AC:  2    Str:  8    XL:     1   Next: 20%
Magic:  0/3        EV: 13    Int: 14    God:
Gold:   29         SH:  0    Dex: 14    Spells: 1 memorised, 3 levels left

rFire  . . .     SeeInvis .     (no weapon)
rCold  . . .     Clarity  .     a - +0 robe
rNeg   + . .     SustAb   .     (no shield)
rPois  .         Gourm    .     (no helmet)
rElec  .         Spirit   .     (no cloak)
rCorr  .         Warding  .     (no gloves)
rMut   .         Stasis   .     (no boots)
MR     .....                    (no amulet)
Stlth  ++........               (no ring)
                                g - ring of positive energy {rN+}

@: very slightly contaminated, not resistant to hostile enchantments, unstealthy
A: change form in water, swift swim
a: no special abilities


You were on level 1 of the Dungeon.
You were not hungry.

You visited 1 branch of the dungeon, and saw 1 of its levels.

You collected 29 gold pieces.

Inventory:

Armour
 a - a +0 robe (worn)
Jewellery
 g - a ring of positive energy (left hand) {rN+}
   (You found it on level 1 of the Dungeon)
Potions
 e - a potion of cure mutation {unknown}
Books
 b - a book of Frost
Comestibles
 c - a bread ration
 d - a beef jerky
 f - 3 fruits


   Skills:
 - Level 2.6 Dodging
 - Level 2.1 Stealth
 - Level 2.0 Spellcasting
   Level 0.7 Conjurations
 + Level 3.4 Ice Magic


You had 3 spell levels left.
You knew the following spells:

 Your Spells              Type           Power        Failure   Level  Hunger
a - Freeze                Ice            ##..         10%         1    ##.....


Dungeon Overview and Level Annotations

Branches:
Dungeon (1/15)

Altars:


Message History

Trunk games don't count for the tournament, you want 0.16.
Play trunk anyway? (Y/N) Welcome, Pikaro the Merfolk Ice Elementalist.
The bosom of this dungeon contains the fabled artefact, the Orb of Zot.
You now have 17 gold pieces.
You open the large door.
There is a large open door here.
d - a beef jerky
There is a stone staircase leading down here.
f - 3 fruits
e - a cyan potion You now have 29 gold pieces (gained 12).
A kobold comes into view. It is wielding a whip.
The kobold shouts!
The kobold throws a stone.
The stone hits you.
You see here a stone.
You take 1 damage, and have 12/13 hp.
The kobold closely misses you.
You barely miss the kobold. The kobold hits you with a whip.
You take 4 damage, and have 8/13 hp.
MASSIVE DAMAGE!!
You miss the kobold. The kobold closely misses you.
You closely miss the kobold.
Adjust (i)tems, (s)pells, or (a)bilities?
Adjust which spell?
Okay, then.
Adjust (i)tems, (s)pells, or (a)bilities?
Adjust which spell?
A - Freeze Adjust to which letter? a - Freeze
Aim: a kobold, wielding a whip You freeze the kobold.
You kill the kobold!
You now have 2/3 mp.
You start resting.
You regained 4 hp, and now have 12/13 hp.
MP restored: 3 You start resting.
Health restored: 13; Total turns waited: 120 a whip; a kobold corpse
g - a notched bronze ring A giant newt comes into view.
Put on which piece of jewellery? (? for menu, Esc to quit)
g - a ring of positive energy (left hand)
A giant gecko and a goblin come into view.
The goblin shouts!
The giant newt bites you.
Aim: a giant newt You freeze the giant newt.
You kill the giant newt!
You take 1 damage, and have 12/13 hp.
You now have 2/3 mp.
Aim: a giant gecko (clinging)
You freeze the giant gecko.
The giant gecko seems to slow down.
The giant gecko barely misses you.
You now have 1/3 mp.
Aim: a giant gecko (moderately wounded, slow, clinging)
You freeze the giant gecko.
The giant gecko seems to slow down.
The goblin closely misses you.
You now have 0/3 mp.
You don't have enough magic to cast Freeze!
You closely miss the giant gecko. The giant gecko bites you.
The goblin barely misses you.
You take 4 damage, and have 8/13 hp.
MASSIVE DAMAGE!!
You miss the goblin.
The giant gecko is no longer moving slowly.
The goblin hits you but does no damage.
You closely miss the goblin. The goblin hits you with a dagger.
You take 3 damage, and have 5/13 hp.
MASSIVE DAMAGE!!
HP below 50%!
You hit the goblin but do no damage. The goblin hits you with a dagger.
* * * LOW HITPOINT WARNING * * *
You take 3 damage, and have 2/13 hp.
MASSIVE DAMAGE!!
HP below 25%!
Aim: a goblin, wielding a dagger You miscast Freeze.
You are very lightly contaminated with residual magic.
Nothing appears to happen.
The goblin hits you with a dagger.
You die...

##.......#.##############
..........†...............
............####.#.#######
###....##.#..# #.#.# ####
#.#..# #.#.#
#.#..###.#.#####
########l#......#.....#
........g....##.#.....#
.#######@#.#.##.#.....#
#......#.#.##.#.....#
#.#........##.#.#####
#.####.#.##.#(#
...#..#.#.##.#.# ....
#..#.#..#.#)# ..
#....#..#.#.#
#.........#.#
.########..#'###


You could see a giant gecko and a goblin.

Vanquished Creatures
  A giant newt (D:1)
  A kobold (D:1)
2 creatures vanquished.

Notes
Turn   | Place    | Note
--------------------------------------------------------------
     0 | D:1      | Pikaro, the Merfolk Ice Elementalist, began the quest for the Orb.
     0 | D:1      | Reached XP level 1. HP: 13/13 MP: 3/3
   283 | D:1      | HP: 2/13 [goblin/dagger (3)]
   288 | D:1      | Slain by a goblin

Action                   || total
-------------------------++-------
Melee: Unarmed           ||     7
 Cast: Freeze            ||     4

Vault maps used:
D:1:      sevenhm_arrival_forest_fort_small_3

Table legend:
 A = Turns spent in this place as a percentage of turns spent in the entire game.
 B = Non-inter-level travel turns spent in this place as a percentage of non-inter-level travel turns spent in the entire game.
 C = Inter-level travel turns spent in this place as a percentage of turns spent in this place.
 D = Turns resting spent in this place as a percentage of non-inter-level travel turns spent in this place.
 E = Turns spent auto-exploring this place as a percentage of non-inter-level travel turns spent in this place.
 F = Non-inter-level travel turns spent in this place divided by the number of levels of this place that you've seen.
                   A       B       C       D       E      F
               +-------+-------+-------+-------+-------+----------------------
         Total | 100.0 | 100.0 |   0.0 |   6.4 |  10.6 |  47.0
       Dungeon | 100.0 | 100.0 |   0.0 |   6.4 |  10.6 |  47.0
               +-------+-------+-------+-------+-------+----------------------

Table legend:
 A = Kills in this place as a percentage of kills in entire the game.
 B = Kills by you in this place as a percentage of kills by you in the entire game.
 C = Kills by friends in this place as a percentage of kills by friends in the entire game.
 D = Other kills in this place as a percentage of other kills in the entire game.
 E = Experience gained in this place as a percentage of experience gained in the entire game.
 F = Experience gained in this place divided by the number of levels of this place that you have seen.
                   A       B       C       D       E      F
               +-------+-------+-------+-------+-------+----------------------
         Total | 100.0 | 100.0 |  -nan |  -nan | 100.0 |   2.0
       Dungeon | 100.0 | 100.0 |  -nan |  -nan | 100.0 |   2.0
               +-------+-------+-------+-------+-------+----------------------
